 Dungeon Crawl Stone Soup version 0.22-a0-126-g307c7c3 (webtiles) character file.

1455 KristoblXynda the Slasher (level 8, 0/67 HPs)
             Began as a Naga Gladiator on Jan 30, 2018.
             Was a Follower of Ashenzari.
             Slain by a gnoll sergeant
             ... wielding a +2 spear of flaming
              (5 damage)
             ... on level 6 of the Dungeon.
             The game lasted 00:13:38 (6178 turns).

KristoblXynda the Slasher (Naga Gladiator)          Turns: 6178, Time: 00:13:40

Health: 0/67       AC:  9    Str: 16    XL:     8   Next: 76%
Magic:  8/8        EV: 11    Int: 10    God:    Ashenzari [*.....]
Gold:   178        SH:  0    Dex: 14    Spells: 7/7 levels left

rFire    . . .     SeeInvis +   a - +0 long sword
rCold    . . .     Gourm    .   (no shield)
rNeg     . . .     Faith    .   k - +0 ring mail
rPois    +         Spirit   .   c - +1 helmet
rElec    .         Reflect  .   p - +0 cloak
rCorr    .         Harm     .   (no gloves)
MR       +....                  (no barding)
Stlth    ++........             (no amulet)
HPRegen  0.21/turn              (no ring)
MPRegen  0.11/turn              (no ring)

@: short of breath, very slow
A: large, see invisible, deformed body, poison resistance, slowness 2, slow
metabolism 1, spit poison 1, AC +2
a: Spit Poison, Curse Item, Scrying, Renounce Religion


You were on level 6 of the Dungeon.
You worshipped Ashenzari.
Ashenzari was aware of your devotion.
You were not hungry.

You visited 1 branch of the dungeon, and saw 6 of its levels.

You collected 178 gold pieces.

Inventory:

Hand Weapons
 a - a +0 long sword (weapon)
Missiles
 d - 2 throwing nets (quivered)
Armour
 c - a +1 helmet (worn)
 k - a +0 ring mail (worn)
 p - a +0 cloak (worn)
Wands
 b - a wand of flame (21)
 e - a wand of polymorph (4)
Scrolls
 h - a scroll of identify
 j - 2 scrolls of immolation
 n - 5 scrolls of remove curse
Potions
 o - a potion of invisibility {unknown}
 q - a potion of agility {unknown}
 r - a potion of haste {unknown}
Books
 l - a book of Changes

   Spells                             Type                      Level
   a - Beastly Appendage              Transmutation                1
   b - Sticks to Snakes               Transmutation                2
   c - Spider Form                    Transmutation/Poison         3
   d - Ice Form                       Ice/Transmutation            4
   e - Blade Hands                    Transmutation                5
Comestibles
 f - 7 rations


   Skills:
 - Level 2.0 Fighting
 + Level 7.7 Long Blades
 - Level 2.1 Throwing
 + Level 4.0 Armour
 + Level 5.0 Dodging
 + Level 3.3 Stealth


You had 7 spell levels left.
You didn't know any spells.

Dungeon Overview and Level Annotations

Branches:
Dungeon (6/15)
 Temple: D:4-7

Altars:
Ashenzari


Innate Abilities, Weirdness & Mutations

You cannot wear boots.
Your serpentine skin is tough. (AC +2)
You have supernaturally acute eyesight. (SInv)
Armour fits poorly on your strangely shaped body.
Your system is resistant to poisons. (rPois)
You cover ground very slowly.
You have a slow metabolism.
You can spit poison.


Message History

The gnoll sergeant is severely wounded.
The gnoll sergeant struggles against the net.
The gnoll closely misses you.
The gnoll sergeant struggles against the net.
The net rips apart, and the gnoll sergeant comes free!
Press: ? - help, Shift-Dir - straight line, p - gnoll The splash of poison hits the gnoll sergeant.
The gnoll sergeant looks even sicker.
The gnoll sergeant is almost dead.
You feel slightly more hungry. The gnoll barely misses you.
The gnoll sergeant closely misses you.
You riposte.
You closely miss the gnoll sergeant.
The gnoll sergeant is almost dead.
You hit the gnoll sergeant.
The gnoll sergeant is almost dead.
The gnoll barely misses you.
The gnoll sergeant hits you with a spear of flaming!
* * * LOW HITPOINT WARNING * * *
The gnoll sergeant burns you.
You die...

### #.##### #....=# #.###.# #@#
#.# ######g###.#
#.g..g..##.######.#
#########.########........#
#..........{.# #..#######
#............#####..#######
#..........>...))).........
#............#####..#########.#
#............g.................


You could see a gnoll sergeant and a gnoll.

Vanquished Creatures
  Pikel (D:5)
  An ice beast (D:5)
  3 ogres
  A bullfrog (D:6)
  3 scorpions
  A water moccasin skeleton (D:4)
  A bullfrog skeleton (D:4)
  An orc priest (D:4)
  2 centaur skeletons (D:5)
  Ijyb (D:5)
  Terence (D:2)
  A worker ant (D:6)
  A hound skeleton (D:4)
  4 adders
  4 gnolls (D:6)
  A shadow imp (D:3)
  2 worms (D:2)
  4 dart slugs
  3 leopard geckos
  4 orcs (D:4)
  2 ball pythons
  5 giant cockroaches
  5 goblins
  7 hobgoblins
  8 jackals
  3 quokkas
  2 bats
  7 frilled lizards
  6 kobolds
  7 rats
92 creatures vanquished.

Vanquished Creatures (others)
  Sigmund (D:5)
  A centaur (D:5)
  A centaur zombie (D:5)
  A worker ant zombie (D:5)
  An adder zombie (D:5)
  A worm (D:5)
  A giant cockroach (D:5)
  A quokka zombie (D:5)
8 creatures vanquished.

Grand Total: 100 creatures vanquished

Notes
Turn   | Place    | Note
-------+----------+-------------------------------------------
     0 | D:1      | KristoblXynda the Naga Gladiator began the quest for the Orb.
     0 | D:1      | Reached XP level 1. HP: 19/19 MP: 1/1
    21 | D:1      | Reached XP level 2. HP: 14/26 MP: 2/2
   503 | D:1      | Found a shattered altar of Ashenzari.
   553 | D:1      | Became a worshipper of Ashenzari the Shackled
   881 | D:1      | Reached XP level 3. HP: 30/32 MP: 3/3
  1369 | D:2      | Noticed Terence
  1381 | D:2      | Killed Terence
  1381 | D:2      | Reached skill level 4 in Long Blades
  1381 | D:2      | Reached XP level 4. HP: 20/39 MP: 4/4
  1616 | D:2      | Reached skill level 1 in Armour
  2631 | D:3      | Reached XP level 5. HP: 27/45 MP: 5/5
  2974 | D:4      | Reached * piety under Ashenzari
  3503 | D:4      | Reached skill level 5 in Long Blades
  3503 | D:4      | Reached XP level 6. HP: 32/52 MP: 6/6
  4519 | D:5      | Entered Level 5 of the Dungeon
  4519 | D:5      | Noticed Pikel
  4519 | D:5      | Noticed a slave
  4519 | D:5      | Noticed a slave
  4519 | D:5      | Noticed a slave
  4519 | D:5      | Noticed a slave
  4613 | D:5      | Reached XP level 7. HP: 36/60 MP: 7/7
  4702 | D:5      | Noticed Ijyb
  4712 | D:5      | HP: 3/60 [ogre/giant spiked club (19)]
  4720 | D:5      | Killed Ijyb
  4720 | D:5      | Reached skill level 6 in Long Blades
  4995 | D:5      | Killed Pikel
  4995 | D:5      | Reached skill level 7 in Long Blades
  4995 | D:5      | Reached XP level 8. HP: 47/67 MP: 8/8
  5188 | D:5      | Reached skill level 1 in Stealth
  5502 | D:5      | Killed Sigmund
  6109 | D:6      | Reached skill level 5 in Dodging
  6171 | D:6      | HP: 3/67 [gnoll/spear (3)]
  6178 | D:6      | Slain by a gnoll sergeant

Vault maps used:
D:1:      lightli_arrival_boilingwater, minivault_25, nrook_loot_triangle,
          nicolae_ashenzari_panopticon
D:2:      uniq_terence
D:5:      first_ration, minivault_14, uniq_ijyb, uniq_pikel, uniq_sigmund
D:6:      minmay_shop_grid_forest, uniq_menkaure

Skill      XL: |  1  2  3  4  5  6  7  8 |
---------------+-------------------------+-----
Throwing       | 2 |  2.1
Long Blades    | 4 5 7 |  7.7
Armour         | 1 2 3 4 |  4.0
Dodging        | 3 4 5 |  5.0
Stealth        | 3 |  3.3
Fighting       | |  2.0

Action                   |  1- 3 |  4- 6 |  7- 9 || total
-------------------------+-------+-------+-------++-------
Melee: Long sword        |    86 |   151 |   123 ||   360
       Unarmed           |       |       |     7 ||     7
Throw: Throwing net      |       |       |     1 ||     1
 Abil: Spit Poison       |    15 |     9 |    13 ||    37
Evoke: Wand              |       |       |     3 ||     3
  Use: Scroll            |       |     8 |     2 ||    10
       Potion            |       |       |    11 ||    11
 Stab: Confused          |       |       |     1 ||     1
       Held in net/web   |       |       |     2 ||     2
  Eat: Chunk             |     1 |     6 |     5 ||    12
       Ration            |       |     1 |       ||     1
Armor: Leather armour    |     5 |       |       ||     5
       Ring mail         |    42 |    60 |    55 ||   157
Dodge: Dodged            |    61 |    82 |   113 ||   256
       Rpst.: Long sword |    20 |    23 |    28 ||    71

Table legend:
 A = Spawn XP
 B = Non-spawn XP
 C = Spawn XP percentage of total XP
 D = Spawn monster count
 E = Non-spawn monster count
 F = Spawn count percentage of total count
 G = Total turns spent on level
                    A         B        C        D         E        F      G
               +---------+---------+-------+---------+---------+-------+---------
         Total |       0 |    2079 |   0.0 |       0 |      92 |   0.0 |  6178
               +---------+---------+-------+---------+---------+-------+---------
           D:1 |       0 |      35 |   0.0 |       0 |      19 |   0.0 |  1180
           D:2 |       0 |      93 |   0.0 |       0 |      22 |   0.0 |   919
           D:3 |       0 |      49 |   0.0 |       0 |      14 |   0.0 |   839
           D:4 |       0 |     379 |   0.0 |       0 |      13 |   0.0 |  1581
           D:5 |       0 |    1347 |   0.0 |       0 |      18 |   0.0 |  1324
           D:6 |       0 |     176 |   0.0 |       0 |       6 |   0.0 |   335
               +---------+---------+-------+---------+---------+-------+---------
